 Dungeon Crawl Stone Soup version 0.31.0-11-ge490571c62 (webtiles) character file.

Game seed: 12870924167014034657

235 qw the Shooter (level 5, -2/26 HPs)
             Began as a Spriggan Hunter on Feb 4, 2024.
             Incinerated by a bombardier beetle (6 damage)
             ... with a burning spray
             ... on level 4 of the Dungeon.
             The game lasted 00:00:07 (1977 turns).

qw the Shooter (Spriggan Hunter)                    Turns: 1977, Time: 00:00:08

Health: -2/26      AC:  2    Str: 13    XL:     5   Next: 76%
Magic:  0/6        EV: 21    Int: 10    God:
Gold:   250        SH:  0    Dex: 21    Spells: 4/4 levels left

rFire   . . .        e - +0 arbalest (heavy)
rCold   . . .        (shield currently unavailable)
rNeg    . . .        c - +0 robe
rPois   .            (helmet restricted)
rElec   .            (no cloak)
rCorr   .            (gloves unavailable)
SInv    +            (boots unavailable)
Will    .....        a - amulet of guardian spirit
Stlth   +            b - +6 ring of strength
HPRegen 1.04/turn    (no ring)
MPRegen 0.10/turn

%: guardian spirit
@: on fire, glowing, very quick
A: very small, no large weapons, unfitting armour, see invisible, speed 3, high
MP 1, regeneration 1, persistent drain
a: no special abilities


You were on level 4 of the Dungeon.
You visited 1 branch of the dungeon, and saw 4 of its levels.

You collected 250 gold pieces.


Innate Abilities, Weirdness & Mutations

You are very small and have problems with some larger weapons.
You are too small for most types of armour.
You have supernaturally acute eyesight. (SInv)
You cover ground extremely quickly. (Speed+++)
You have an increased reservoir of magic. (+10% MP)
Your natural rate of healing is unusually fast.
Your health recovers twice as slowly from being drained.


   Skills:
 - Level 2.2 Fighting
 + Level 5.6 Ranged Weapons
 - Level 5.5 Dodging
 - Level 1.5 Stealth


You had 4 spell levels left.
You didn't know any spells.
Your spell library was empty.

Inventory:

Hand Weapons
 e - a +0 heavy arbalest (weapon)
Armour
 c - a +0 robe (worn)
Jewellery
 a - an amulet of guardian spirit (around neck)
 b - a +6 ring of strength (left hand)
Scrolls
 d - a scroll of enchant weapon {unknown}
 f - 3 scrolls of teleportation
 k - a scroll of enchant armour
 m - a scroll of identify
Potions
 g - a potion of berserk rage {unknown}
 h - 4 potions of curing
 i - a potion of mutation
 j - a potion of lignification {unknown}
 l - a potion of heal wounds {unknown}

Dungeon Overview and Level Annotations

Branches:
Dungeon (4/15)
 Temple: D:4-7

Altars:
Ashenzari
Hepliaklqana

Shops:
D:1 (


Message History

A jackal comes into view.
You shoot a bolt. The bolt hits the jackal!!
You kill the jackal!
A jackal comes into view.
You shoot a bolt. The bolt hits the jackal.
The jackal barks!
The jackal is almost dead.
You shoot a bolt. The bolt barely misses the jackal.
The jackal completely misses you.
You shoot a bolt. The bolt hits the jackal.
You kill the jackal!
Found an escape hatch in the floor.
You now have 250 gold pieces (gained 9).
There is an open door here.
A bombardier beetle comes into view.
You shoot a bolt.
The bolt hits the bombardier beetle but does no damage.
You shoot a bolt. The bolt hits the bombardier beetle!
The bombardier beetle is severely wounded.
The bombardier beetle sprays incendiary fluid at you.
The burning spray hits you.
You are covered in liquid fire!
You shoot a bolt. The bolt hits the bombardier beetle!
You kill the bombardier beetle!
The liquid fire burns you!
You are on fire!
The liquid fire burns you!
You are on fire!
The liquid fire burns you!
You are on fire!
The liquid fire burns you!
You are on fire!
The liquid fire burns you!
You are on fire!
The liquid fire burns you!
You are on fire!
The liquid fire burns you!
You are on fire!
The liquid fire burns you!
You die...

...# #....#......~.~~.~~
...# #....#........~...~
...#####[...#.####.~~~._.~
...<......................
###..........###..##.#..#.
#..........###..##.##.#
###..........##.........#
..'.)........'..####.###
..#..........###@.......
............## #......##
##...#####..# #......#
###....##..# #......#
####.#...# #......# .>#.#
#..%...# .###.# #......#
#. #.# #......# # #.#


There were no monsters in sight!

Vanquished Creatures
  2 orc priests
  A bombardier beetle (D:4)
  An orc wizard (D:4)
  2 adders
  A ribbon worm (D:2)
  5 dart slugs
  11 orcs
  6 ball pythons
  3 bats
  6 endoplasms
  4 giant cockroaches
  8 goblins
  4 hobgoblins
  12 jackals
  3 frilled lizards
  4 kobolds
  4 rats
77 creatures vanquished.

Notes
Turn   | Place    | Note
-------+----------+-------------------------------------------
     0 | D:1      | qw the Spriggan Hunter began the quest for the Orb.
     0 | D:1      | Reached XP level 1. HP: 10/10 MP: 2/2
     0 | D:1      | 0 ||| qw: Version: 0.3-a-160-g6735b56
     0 | D:1      | 0 ||| qw: Game counter: 5228
     0 | D:1      | 0 ||| qw: Melee chars always use a shield: true
     0 | D:1      | 0 ||| qw: God list: Okawaru
     0 | D:1      | 0 ||| qw: Allow faded altars: false
     0 | D:1      | 0 ||| qw: Do Orc after clearing Dungeon:15 true
     0 | D:1      | 0 ||| qw: Do second Lair branch before Depths: true
     0 | D:1      | 0 ||| qw: Lair rune preference: random
     0 | D:1      | 0 ||| qw: Goals: Normal
     0 | D:1      | 0 ||| PLANNING D:1-11
    57 | D:1      | Reached skill level 3 in Dodging
    67 | D:1      | Found Wywocvo's Antique Weapon Emporium.
    77 | D:1      | 77 ||| SHOPLISTING scorched orcbow (195 gold, have 15).
   190 | D:1      | Reached XP level 2. HP: 14/14 MP: 3/3
   501 | D:1      | Found a faded altar of an unknown god.
   569 | D:1      | 569 ||| READING scroll labelled WITUSKEORITT.
   569 | D:1      | 569 ||| ENCHANTING +0 shortbow.
   570 | D:1      | 570 ||| READING scroll labelled KILOSI OPLOXOU.
   574 | D:1      | 574 ||| READING scroll labelled RODDEITARU.
   575 | D:1      | 575 ||| READING 2 scrolls labelled ROMOSO OFUEBLU.
   575 | D:1      | Identified 2 scrolls of acquirement
   575 | D:1      | 575 ||| ACQUIRING +0 heavy arbalest
   575 | D:1      | Acquired a +0 heavy arbalest
   577 | D:1      | 577 ||| SWAPPING to +0 heavy arbalest.
   578 | D:1      | 578 ||| DROPPING +0 shortbow.
   579 | D:1      | 579 ||| READING scroll of acquirement.
   579 | D:1      | 579 ||| ACQUIRING amulet of guardian spirit
   579 | D:1      | Acquired an amulet of guardian spirit
   581 | D:1      | 581 ||| UPGRADING to amulet of guardian spirit.
   586 | D:1      | 586 ||| READING scroll labelled ZOPSUA GUSMI.
   587 | D:1      | 587 ||| DRINKING 3 ruby potions.
   588 | D:1      | 588 ||| DROPPING scroll of butterflies.
   700 | D:2      | Reached XP level 3. HP: 18/18 MP: 4/4
   780 | D:2      | Found a broken altar of Ashenzari.
  1086 | D:2      | 1086 ||| UPGRADING to +6 ring of strength.
  1087 | D:2      | 1087 ||| DROPPING ring of magical power.
  1088 | D:2      | 1088 ||| READING scroll labelled JAATIE MATU.
  1088 | D:2      | 1088 ||| IDENTIFYING bubbling red potion
  1089 | D:2      | 1089 ||| READING scroll labelled UHUPEV JUI.
  1190 | D:2      | 1190 ||| DRINKING 2 gluggy blue potions.
  1190 | D:2      | Gained mutation: Your natural rate of healing is unusually
                  | fast. [potion of mutation]
  1190 | D:2      | Gained mutation: Your health recovers twice as slowly from
                  | being drained. [potion of mutation]
  1190 | D:2      | Gained mutation: You have an increased reservoir of magic.
                  | (+10% MP) [potion of mutation]
  1191 | D:2      | 1191 ||| DROPPING potion of invisibility.
  1358 | D:3      | Reached XP level 4. HP: 22/22 MP: 3/5
  1674 | D:3      | 1674 ||| DROPPING amulet of magic regeneration.
  1675 | D:3      | 1675 ||| READING scroll labelled HAAH TEANOI.
  1677 | D:3      | 1677 ||| Stepping ~*~*~tactically~*~*~ (cloud).
  1727 | D:4      | Reached XP level 5. HP: 25/26 MP: 4/6
  1910 | D:4      | Found a hazy altar of Hepliaklqana.
  1975 | D:4      | HP: 6/26 [burnt (3)]
  1977 | D:4      | Incinerated by a bombardier beetle

Levels and vault maps discovered:
D:1:      shiori_shiawase, layout_loops_ring, serial_shops,
          nicolae_shop_statue_plus, shapermc_ecumenical_altar_mp_highgroup,
          minmay_misc_feat_four_crosses
D:2:      layout_rooms, basic_altar, amcnicky_mini_corridor_feature
D:3:      layout_basic
D:4:      layout_basic, mainiacjoe_overflow_large_starburst,
          hangedman_abyss_or_decor_lesser_grid, interstate_on_off, uniq_duvessa

Skill      XL: |  1  2  3  4  5 |
---------------+----------------+-----
Dodging        | 3 4 5 |  5.5
Ranged Weapons | 5 |  5.6
Fighting       | 2 |  2.2
Stealth        | |  1.5

Action                     |  1- 3 |  4- 6 || total
---------------------------+-------+-------++-------
   Fire: Shortbow          |    36 |       ||    36
         Arbalest          |    37 |    59 ||    96
    Use: Scroll            |     8 |     1 ||     9
         Potion            |     2 |       ||     2
 Armour: Robe              |     3 |     8 ||    11
  Dodge: Dodged            |    11 |    29 ||    40

Table legend:
 A = Non-vault XP
 B = Vault XP
 C = Vault XP percentage of total XP
 D = Non-vault monster count
 E = Vault monster count
 F = Vault count percentage of total count
                 A         B        C        D         E       F
            +---------+---------+-------+---------+---------+-------
      Total |     337 |       0 |   0.0 |      77 |       0 |   0.0
            +---------+---------+-------+---------+---------+-------
        D:1 |      26 |       0 |   0.0 |      15 |       0 |   0.0
        D:2 |      58 |       0 |   0.0 |      22 |       0 |   0.0
        D:3 |     101 |       0 |   0.0 |      27 |       0 |   0.0
        D:4 |     152 |       0 |   0.0 |      13 |       0 |   0.0
            +---------+---------+-------+---------+---------+-------
